 Dungeon Crawl Stone Soup version 0.31-a0-833-gc15d34cb79 (webtiles) character file.

Game seed: 1816761888839738104

424 zazu2006 the Fighter (level 6, -3/61 HPs)
             Began as a Gnoll Wanderer on Sept 26, 2023.
             Slain by a gnoll bouda
             ... wielding a +0 club
              (7 damage)
             ... on level 4 of the Dungeon.
             The game lasted 00:03:54 (1850 turns).

zazu2006 the Fighter (Gnoll Wanderer)               Turns: 1850, Time: 00:03:54

Health: -3/61      AC:  3    Str: 17    XL:     6   Next: 96%
Magic:  11/11      EV: 11    Int: 10    God:
Gold:   69         SH:  0    Dex:  9    Spells: 12/12 levels left

rFire   + . .        a - +3 hand axe
rCold   + . .        (no shield)
rNeg    . . .        d - +0 leather armour
rPois   +            (no helmet)
rElec   +            (no cloak)
rCorr   +            (no gloves)
SInv    .            (no boots)
Will    .....        (no amulet)
Stlth   +            (no ring)
HPRegen 0.30/turn    (no ring)
MPRegen 0.12/turn

%: no passive effects
@: resistant
A: fangs 1, strong nose, distributed training
a: no special abilities


You were on level 4 of the Dungeon.
You visited 2 branches of the dungeon, and saw 4 of its levels.

You collected 69 gold pieces.

Inventory:

Hand Weapons
 a - a +3 hand axe (weapon)
Armour
 d - a +0 leather armour (worn)
Jewellery
 g - an amulet of reflection
 l - an amulet of guardian spirit
Wands
 m - a wand of roots (15)
Scrolls
 c - 2 scrolls of fear
 f - a scroll of fog {unknown}
 i - a scroll of noise {unknown}
 j - 3 scrolls of immolation {unknown}
 k - 4 scrolls of identify {unknown}
 n - a scroll of vulnerability {unknown}
 o - a scroll of brand weapon {unknown}
 p - a scroll of blinking {unknown}
Potions
 h - a potion of lignification {unknown}
 q - a potion of degeneration {unknown}


   Skills:
 + Level 10.6 Fighting
 + Level 2.2 Short Blades
 + Level 2.2 Long Blades
 + Level 8.8 Axes
 + Level 2.2 Maces & Flails
 + Level 2.2 Polearms
 + Level 2.2 Staves
 + Level 2.2 Ranged Weapons
 + Level 2.2 Throwing
 + Level 2.2 Armour
 + Level 2.2 Dodging
 + Level 2.2 Stealth
 + Level 2.2 Shields
 + Level 2.2 Unarmed Combat
 + Level 3.6 Spellcasting
 + Level 1.8 Conjurations
 + Level 1.8 Hexes
 + Level 1.8 Summonings
 + Level 1.8 Necromancy
 + Level 1.8 Translocations
 + Level 1.8 Transmutations
 + Level 1.8 Fire Magic
 + Level 1.8 Ice Magic
 + Level 1.8 Air Magic
 + Level 1.8 Earth Magic
 + Level 1.8 Poison Magic
 + Level 2.4 Invocations
 + Level 2.2 Evocations
 + Level 2.0 Shapeshifting


You had 12 spell levels left.
You didn't know any spells.
Your spell library contained the following spells:

 Spells                   Type           Power      Damage    Failure   Level
 Lesser Beckoning         Tloc           10%        N/A       22%         2
 Gell's Gravitas          Tloc           5%         N/A       41%         3
 Teleport Other           Tloc           5%         N/A       41%         3


Dungeon Overview and Level Annotations

Branches:
Dungeon (4/15)             Temple (1/1) D:4

Altars:
Ashenzari
Dithmenos
Elyvilon
Gozag
Kikubaaqudgha
Makhleb
Nemelex Xobeh
Okawaru
Qazlal
Ru
Sif Muna
Trog
Uskayaw
Wu Jian
Xom
Yredelemnul
Zin
The Shining One


Innate Abilities, Weirdness & Mutations

You have very sharp teeth.
Your uncanny sense of smell can sniff out nearby items.
Your experience applies equally to all skills.


Message History

You hit the gnoll but do no damage. The gnoll hits you with a +0 club.
The gnoll hits you with a +1 flail of protection!
You barely miss the gnoll. You hit the gnoll but do no damage.
The gnoll hits you with a +0 club.
There is a stone staircase leading down here.
You barely miss the gnoll. You hit the gnoll but do no damage.
You hit the gnoll bouda. The gnoll barely misses you.
The gnoll hits you with a +1 flail of protection.
Unknown command.
You slash the gnoll! You bite the gnoll, but do no damage.
The gnoll is almost dead.
You hit the gnoll bouda. You hit the gnoll. The gnoll bouda barely misses you.
The gnoll hits you with a +0 club! The gnoll closely misses you.
The gnoll barely misses you.
Unknown command.
You slash the gnoll!
You kill the gnoll!
You hit the gnoll. You closely miss the gnoll bouda.
The gnoll bouda hits you with a +0 club.
* * * LOW HITPOINT WARNING * * *
The gnoll closely misses you.
The gnoll hits you from afar with a +0 spear.
* * * LOW HITPOINT WARNING * * *
The gnoll hits you with a +1 flail of protection.
* * * LOW HITPOINT WARNING * * *
You feel better.
The gnoll bouda hits you with a +0 club.
* * * LOW HITPOINT WARNING * * *
The gnoll completely misses you. The gnoll closely misses you.
The gnoll hits you with a +1 flail of protection!
* * * LOW HITPOINT WARNING * * *
You feel better.
The gnoll bouda hits you but does no damage.
The gnoll hits you with a +0 flail!
* * * LOW HITPOINT WARNING * * *
The gnoll barely misses you. x2
It was a potion of resistance.
You feel protected.
The gnoll bouda hits you with a +0 club!
You die...

.......#..))÷..#......
.........###.÷÷.........
..........# #........#...
..........###.<......##..
.#.#.......##........#...
........#............#...
.....#..#...##...........
......ggg.#......#.†#....
......og@##..#...#....>..
.......####..#.....[.....
...#... ##......##..... .
#... #.............) ####
####.............
##................
#......##.........
##......#...(..#..
#.............#..


You could see a gnoll bouda, 3 gnolls and an orc.

Vanquished Creatures
  A water moccasin (D:4)
  A centaur (D:4)
  A phantom (D:4)
  A hound (D:2)
  A sleepcap (D:4)
  An iguana (D:4)
  An orc wizard (D:4)
  A gnoll (D:4)
  An ufetubus (D:4)
  3 dart slugs
  5 orcs (D:4)
  4 endoplasms
  3 giant cockroaches (D:1)
  4 goblins
  4 hobgoblins (D:1)
  3 jackals (D:4)
  3 quokkas
  2 ball pythons
  2 bats
  3 frilled lizards (D:1)
  2 kobolds (D:1)
  5 rats
52 creatures vanquished.

Notes
Turn   | Place    | Note
-------+----------+-------------------------------------------
     0 | D:1      | Reached skill level 10 in Fighting
     0 | D:1      | zazu2006 the Gnoll Wanderer began the quest for the Orb.
     0 | D:1      | zazu2006 set off with the following items: a +3 hand axe, a
                  | potion of curing, a scroll of fear, a +0 leather armour.
     0 | D:1      | Reached XP level 1. HP: 29/29 MP: 4/4
   103 | D:1      | Reached XP level 2. HP: 36/36 MP: 5/5
   517 | D:1      | Reached XP level 3. HP: 42/42 MP: 7/7
   545 | D:1      | Found a faded altar of an unknown god.
   954 | D:2      | Reached skill level 1 in Short Blades
   954 | D:2      | Reached skill level 1 in Long Blades
   954 | D:2      | Reached skill level 1 in Maces & Flails
   954 | D:2      | Reached skill level 1 in Polearms
   954 | D:2      | Reached skill level 1 in Staves
   954 | D:2      | Reached skill level 1 in Ranged Weapons
   954 | D:2      | Reached skill level 1 in Throwing
   954 | D:2      | Reached skill level 1 in Armour
   954 | D:2      | Reached skill level 1 in Dodging
   954 | D:2      | Reached skill level 1 in Stealth
   954 | D:2      | Reached skill level 1 in Shields
   954 | D:2      | Reached skill level 1 in Unarmed Combat
   954 | D:2      | Reached skill level 1 in Invocations
   954 | D:2      | Reached skill level 1 in Evocations
   954 | D:2      | Reached XP level 4. HP: 40/48 MP: 8/8
  1101 | D:2      | You fall into a shaft and drop 2 floors!
  1101 | D:4      | Found a staircase to the Ecumenical Temple.
  1105 | Temple   | Entered the Ecumenical Temple
  1157 | D:4      | Reached skill level 1 in Shapeshifting
  1173 | D:4      | Noticed a phantom
  1184 | D:4      | Killed a phantom
  1185 | D:4      | Reached skill level 1 in Conjurations
  1185 | D:4      | Reached skill level 1 in Hexes
  1185 | D:4      | Reached skill level 1 in Summonings
  1185 | D:4      | Reached skill level 1 in Necromancy
  1185 | D:4      | Reached skill level 1 in Translocations
  1185 | D:4      | Reached skill level 1 in Transmutations
  1185 | D:4      | Reached skill level 1 in Fire Magic
  1185 | D:4      | Reached skill level 1 in Ice Magic
  1185 | D:4      | Reached skill level 1 in Air Magic
  1185 | D:4      | Reached skill level 1 in Earth Magic
  1185 | D:4      | Reached skill level 1 in Poison Magic
  1185 | D:4      | Reached XP level 5. HP: 31/54 MP: 9/9
  1477 | D:4      | Noticed a water moccasin
  1486 | D:4      | Killed a water moccasin
  1487 | D:4      | Reached XP level 6. HP: 41/61 MP: 9/11
  1848 | D:4      | HP: 1/61 [gnoll/+1 flail of protection[a gnoll bouda] (11)]
  1850 | D:4      | Slain by a gnoll bouda

Illustrated notes

Levels and vault maps discovered:
D:1:      dpeg_arrival_castle, layout_basic,
          hellmonk_ecumenical_altar_prayer_group, chequers_serial_rivers_room_a,
          minmay_misc_feat_enclosed
D:2:      layout_basic
D:4:      layout_cave_pools, minmay_temple_entry_junction
Temple:   nicolae_temple_bog_church

Skill      XL: |  1  2  3  4  5  6 |
---------------+-------------------+-----
Fighting       | | 10.6
Short Blades   | 1 2 |  2.2
Long Blades    | 1 2 |  2.2
Maces & Flails | 1 2 |  2.2
Polearms       | 1 2 |  2.2
Staves         | 1 2 |  2.2
Ranged Weapons | 1 2 |  2.2
Throwing       | 1 2 |  2.2
Armour         | 1 2 |  2.2
Dodging        | 1 2 |  2.2
Stealth        | 1 2 |  2.2
Shields        | 1 2 |  2.2
Unarmed Combat | 1 2 |  2.2
Invocations    | 1 2 |  2.4
Evocations     | 1 2 |  2.2
Shapeshifting  | 1 2 |  2.0
Spellcasting   | 3 |  3.6
Conjurations   | 1 |  1.8
Hexes          | 1 |  1.8
Summonings     | 1 |  1.8
Necromancy     | 1 |  1.8
Translocations | 1 |  1.8
Transmutations | 1 |  1.8
Fire Magic     | 1 |  1.8
Ice Magic      | 1 |  1.8
Air Magic      | 1 |  1.8
Earth Magic    | 1 |  1.8
Poison Magic   | 1 |  1.8
Axes           | |  8.8

Action                     |  1- 3 |  4- 6 || total
---------------------------+-------+-------++-------
  Melee: Hand axe          |    44 |    78 ||   122
         Bite              |       |    12 ||    12
         Punch             |       |     2 ||     2
    Use: Potion            |       |     3 ||     3
 Armour: Leather armour    |    17 |    66 ||    83
  Dodge: Dodged            |    18 |    60 ||    78

Table legend: (Time is in decaauts)
 A = Elapsed time spent in this place.
 B = Non-inter-level travel time spent in this place.
 C = Inter-level travel time spent in this place.
 D = Time resting spent in this place.
 E = Time spent auto-exploring this place.
 F = Levels seen in this place.
 G = Mean time per level.
                   A        B        C        D        E       F      G
               +--------+--------+--------+--------+--------+-----+--------+
         Total |   1839 |   1816 |     23 |      0 |   1470 |   4 |  459.8 |
       Dungeon |   1820 |   1807 |     13 |      0 |   1470 |   3 |  606.7 |
        Temple |     19 |     10 |      9 |      0 |      0 |   1 |   19.0 |
               +--------+--------+--------+--------+--------+-----+--------+

Top non-repeatable levels by time:
     D:1: 756 daAuts
     D:4: 720 daAuts
     D:2: 343 daAuts
  Temple: 19 daAuts
